AoeStats
← 公鸡神探

Arena

508400038Analyzed
4v4 RM · 11d ago on Sep 22, 2026· 51m 12s· 8 players
Game mode
Random Map
Map size
Large (8 player)
Population
200
Speed
Normal
Resources
Standard
Victory
Conquest
Starting age
Dark Age
Ending age
Imperial Age
RankedLock teamsTeams togetherTeam positionsShared explorationLock speedFull tech treeHidden civsTurbo modeCheats
Victory
Defeat
1169
+14
🇫🇮 Malay · Finland
1108
+36
🇮🇳 Spanish · India
1096
+17
🇫🇷 Jurchens · France
1094
+17
🇨🇳 Spanish · China
1176
-18
🇨🇳 Turks · China
1156
-17
1155
-18
🇨🇦 Japanese · Canada
1006
-12
kim.henrik.himanen69
13:13 Feudal Age
13:02 Double-Bit Axe
15:57 Castle Age
14:17 Horse Collar
20:55 Heavy Plow
21:56 Wheelbarrow
21:08 Loom
23:01 Hand Cart
23:46 Town Watch
25:17 Gold Mining
26:48 Forging
26:44 Scale Barding Armor
29:31 Imperial Age
27:18 Husbandry
28:30 Iron Casting
28:31 Devotion
30:33 Blast Furnace
30:34 Elite Battle Elephant
31:53 Bow Saw
33:08 Crop Rotation
34:34 Gold Shaft Mining
35:26 Caravan
36:36 Conscription
40:21 Onager
41:03 Fletching
41:56 Ballistics
42:36 Chemistry
41:47 Masonry
41:17 Treadmill Crane
41:44 Siege Engineers
41:34 Murder Holes
49:20 Bodkin Arrow
49:25 Padded Archer Armor
Lizard Bro
11:44 Feudal Age
15:15 Castle Age
13:21 Double-Bit Axe
13:25 Horse Collar
16:42 Bow Saw
23:29 Heavy Plow
24:33 Wheelbarrow
24:24 Loom
28:54 Imperial Age
27:36 Scale Barding Armor
27:47 Gold Mining
27:53 Stone Mining
29:15 Treadmill Crane
29:56 Ballistics
30:37 Chemistry
30:01 Chain Barding Armor
30:15 Conscription
30:51 Fortified Bastions
31:32 Plate Barding Armor
31:18 Husbandry
31:29 Bloodlines
31:49 Forging
32:13 Fletching
32:53 Hand Cart
32:24 Town Watch
35:15 Iron Casting
34:36 Bodkin Arrow
37:16 Murder Holes
37:26 Siege Engineers
37:19 Elite Iron Pagoda
40:04 Blast Furnace
42:29 Hoardings
42:44 Bracer
43:58 Coinage
43:33 Caravan
47:58 Banking
50:18 Scale Mail Armor
メHANSメ
11:19 Feudal Age
12:44 Wheelbarrow
15:07 Castle Age
13:47 Double-Bit Axe
15:31 Loom
15:59 Horse Collar
20:30 Bow Saw
25:58 Imperial Age
28:11 Fletching
37:13 Gold Mining
43:22 Bodkin Arrow
Ricardo Corazon de León
6:45 Loom
11:25 Feudal Age
12:20 Double-Bit Axe
15:20 Castle Age
13:19 Horse Collar
16:31 Bow Saw
16:23 Heavy Plow
20:15 Gold Mining
21:45 Wheelbarrow
20:56 Town Watch
23:03 Gold Shaft Mining
23:04 Hand Cart
23:40 Fletching
24:35 Stone Mining
28:17 Imperial Age
26:06 Bodkin Arrow
29:58 Chemistry
28:22 Elite Skirmisher
29:09 Thumb Ring
29:06 Bracer
29:06 Padded Archer Armor
30:17 Ballistics
33:38 Two-Man Saw
33:24 Stone Shaft Mining
33:02 Elite Skirmisher
33:48 Thumb Ring
41:16 Siege Engineers
41:21 Masonry
41:23 Fortified Wall
42:48 Coinage
50:35 Banking
Elite Seraphim
11:53 Feudal Age
13:36 Loom
16:18 Castle Age
14:44 Scale Mail Armor
14:52 Double-Bit Axe
14:49 Horse Collar
16:56 Wheelbarrow
17:12 Scale Mail Armor
17:52 Bow Saw
17:39 Arson
18:18 Gambesons
19:37 Squires
24:24 Forging
24:23 Heavy Plow
25:27 Chain Mail Armor
27:08 Iron Casting
29:58 Stone Mining
30:01 Gold Mining
30:58 Hand Cart
30:39 Pikeman
32:43 Gold Shaft Mining
37:20 Imperial Age
37:21 Halberdier
38:36 Plate Mail Armor
39:18 Blast Furnace
39:51 Conscription
39:33 Elite Samurai
40:34 Man-at-Arms
42:05 Long Swordsman
43:09 Kataparuto
42:48 Two-Handed Swordsman
45:55 Two-Man Saw
46:09 Fletching
45:48 Champion
51:00 Bodkin Arrow
公鸡神探
11:51 Feudal Age
15:50 Castle Age
14:05 Horse Collar
14:13 Double-Bit Axe
17:14 Bow Saw
17:04 Town Watch
26:01 Gold Mining
29:35 Imperial Age
31:22 Scale Barding Armor
31:27 Forging
32:04 Bloodlines
31:55 Husbandry
34:20 Scale Barding Armor
34:26 Forging
唐尚书右丞王维
0:27 Loom
12:19 Feudal Age
17:45 Castle Age
18:33 Double-Bit Axe
18:31 Horse Collar
25:24 Imperial Age
25:12 Gold Mining
25:33 Padded Archer Armor
26:55 Conscription
33:02 Wheelbarrow
33:26 Leather Archer Armor
36:16 Heavy Scorpion
43:10 Scale Barding Armor
43:16 Forging
45:17 Husbandry
46:14 Chain Barding Armor
46:11 Bloodlines
翻斗花园突破手绫小路
10:53 Feudal Age
11:50 Double-Bit Axe
12:04 Horse Collar
15:23 Castle Age
19:47 Wheelbarrow
20:11 Bow Saw
20:03 Heavy Plow
21:34 Gold Mining
21:37 Stone Mining
23:30 Gold Shaft Mining
28:43 Imperial Age
27:49 Hand Cart
27:19 Town Watch
27:20 Loom
27:28 Town Watch
27:52 Padded Archer Armor
27:58 Padded Archer Armor
27:49 Fletching
28:51 Ballistics
28:55 Leather Archer Armor
29:23 Bodkin Arrow
29:37 Thumb Ring
30:28 Parthian Tactics
30:45 Ring Archer Armor
30:43 Conscription
31:04 Town Patrol
30:49 Loom
31:35 Recurve Bow
31:49 Heavy Cavalry Archer
33:57 Chemistry
33:00 Bracer
33:34 Crop Rotation
34:08 Two-Man Saw
36:46 Scale Barding Armor
36:55 Bloodlines
37:23 Light Cavalry
38:06 Husbandry
38:04 Pikeman
39:04 Hussar
40:40 Chain Barding Armor
44:03 Halberdier
45:06 Town Patrol
46:18 Plate Barding Armor
48:29 Scale Mail Armor
50:11 Chain Mail Armor
Connection lost

Rejoining the realm…

Still unreachable

The connection could not be restored.

Session expired

The server has moved on; the page needs a fresh start.